 Dungeon Crawl Stone Soup version 0.24-a0-333-g864f2b5 (webtiles) character file.

Game seed: 17381290980286900052

74620 BoringShafts the Ripper (level 15, -2/70 HPs)
             Began as a Felid Venom Mage on May 17, 2019.
             Was the Champion of Makhleb.
             Hit by a silver javelin thrown by a merfolk javelineer (3 damage)
             ... on level 1 of the Shoals.
             The game lasted 04:26:10 (51106 turns).

BoringShafts the Ripper (Felid Venom Mage)         Turns: 51106, Time: 04:26:11

Health: -2/70      AC:  6    Str:  4    XL:     15   Next: 7%
Magic:  0/41       EV: 35    Int: 29    God:    Makhleb [******]
Gold:   2063       SH:  0    Dex: 29    Spells: 4/38 levels left
                                        Lives:  0   Deaths: 4

rFire    . . .     SeeInvis +     - Unarmed
rCold    + + .     Gourm    .   (shield unavailable)
rNeg     . . .     Faith    .   (armour unavailable)
rPois    .         Spirit   .   (helmet unavailable)
rElec    .         Reflect  .   (cloak unavailable)
rCorr    .         Harm     .   (gloves unavailable)
MR       ++...                  (boots unavailable)
Stlth    ++++......             p - amulet of Vuken {Inacc Int+9 Dex+7 Stlth-}
HPRegen  0.00/turn              n - ring of magical power
MPRegen  0.27/turn              m - +3 ring of protection

@: radiating poison, quick
A: very small, no armour, no weapons or thrown items, stealth, claws 1, fangs 3,
see invisible, agile 1, carnivore, cold resistance 1, speed 1, shaggy fur 3,
inhibited regeneration, slow metabolism 1, MP-powered wands, sharp paws
a: Minor Destruction, Lesser Servant of Makhleb, Major Destruction, Greater
Servant of Makhleb, Renounce Religion


You were on level 1 of the Shoals.
You worshipped Makhleb.
Makhleb was exalted by your worship.
You were very full.

You visited 5 branches of the dungeon, and saw 26 of its levels.
You visited the Abyss 1 time.
You also visited: Sewer, Bailey and Gauntlet.

You collected 2454 gold pieces.
You spent 391 gold pieces at shops.

Inventory:

Jewellery
 k - an uncursed amulet of regeneration
 m - a +3 ring of protection (right paw)
 n - a ring of magical power (left paw)
 p - the amulet of Vuken (around neck) {Inacc Int+9 Dex+7 Stlth-}
   (You bought it in a shop on level 8 of the Dungeon)

   [amulet of inaccuracy]

   It reduces the accuracy of all your attacks.
   It affects your intelligence (+9).
   It affects your dexterity (+7).
   It makes you less stealthy.
 y - an uncursed ring of flight
 B - an uncursed ring of protection from cold
 F - an uncursed ring of wizardry
 M - an uncursed ring of protection from cold
Wands
 i - a wand of random effects (31)
 l - a wand of flame (13)
 r - a wand of clouds (6)
 w - a wand of iceblast (5)
 H - a wand of digging (5)
Scrolls
 a - 3 scrolls of fear
 d - 12 scrolls of remove curse
 e - 10 scrolls of teleportation
 g - a scroll of blinking
 h - 4 scrolls of immolation
 o - 4 scrolls of amnesia
 u - 7 scrolls of identify
 C - 3 scrolls of noise
 I - a scroll of summoning
 L - 2 scrolls of magic mapping
Potions
 c - 6 potions of flight
 f - 6 potions of brilliance
 j - 7 potions of might
 q - 2 potions of lignification
 s - a potion of agility
 v - 4 potions of haste
 x - 2 potions of resistance
 D - 4 potions of berserk rage
 E - a potion of curing
 G - a potion of invisibility
 J - 2 potions of ambrosia
Miscellaneous
 t - a lightning rod (4/4)
 A - a phial of floods (inert)
Comestibles
 b - 45 rations


   Skills:
 * Level 10.4 Fighting
 * Level 14.4 Dodging
 * Level 8.4 Stealth
 - Level 15.6 Unarmed Combat
 + Level 12.3 Spellcasting
 - Level 6.7 Conjurations
 - Level 3.9 Summonings
 - Level 2.4 Necromancy
 * Level 4.0 Transmutations
 - Level 2.5 Fire Magic
 - Level 5.3 Air Magic
 - Level 7.0 Poison Magic
 - Level 6.7 Invocations
 - Level 4.0 Evocations


You had 4 spell levels left.
You knew the following spells:

 Your Spells              Type           Power        Failure   Level  Hunger
a - Sting                 Conj/Pois      ####         1%          1    None
b - Poisonous Vapours     Pois/Air       ######       1%          2    None
c - Mephitic Cloud        Conj/Pois/Air  ######..     1%          3    None
d - Olgreb's Toxic Radia  Pois           ######..     1%          4    None
e - Iskenderun's Mystic   Conj           ######..     1%          4    None
f - Summon Lightning Spi  Summ/Air       #####...     4%          4    None
g - Conjure Flame         Conj/Fire      #####...     1%          3    None
h - Irradiate             Conj/Tmut      #####.....   9%          5    ##.....
i - Apportation           Tloc           ###...       3%          1    None
j - Animate Dead          Necr           N/A          11%         4    None
k - Blink                 Tloc           N/A          4%          2    None
l - Summon Butterflies    Summ           #####...     1%          1    None

Your spell library contained the following spells:

 Spells                   Type           Power        Failure   Level  Hunger
 Summon Small Mammal      Summ           ####         1%          1    None
 Call Imp                 Summ           #####...     1%          2    None
 Corpse Rot               Necr           N/A          1%          2    None
 Searing Ray              Conj           ######       1%          2    None
 Call Canine Familiar     Summ           #####...     1%          3    None
 Dazzling Spray           Conj/Hex       #####.       2%          3    None
 Stone Arrow              Conj/Erth      #####.       2%          3    None
 Shroud of Golubria       Chrm/Tloc      ###.......   4%          2    None
 Recall                   Summ/Tloc      N/A          4%          3    None
 Summon Guardian Golem    Hex/Summ       ####....     4%          3    None
 Gell's Gravitas          Tloc           ###.......   9%          3    None
 Lesser Beckoning         Tloc           ###.......   9%          3    None
 Teleport Other           Tloc           ###.....     9%          3    None
 Tukima's Dance           Hex            ###.....     9%          3    None
 Ice Form                 Ice/Tmut       ####....     13%         4    None
 Summon Ice Beast         Ice/Summ       ####....     13%         4    None
 Leda's Liquefaction      Hex/Erth       ###.......   28%         4    None
 Passage of Golubria      Tloc           N/A          28%         4    None
 Venom Bolt               Conj/Pois      ######....   4%          5    ##.....
 Alistair's Intoxication  Tmut/Pois      #####...     9%          5    ##.....
 Summon Forest            Summ/Tloc      ####......   36%         5    ##.....
 Borgnjor's Vile Clutch   Necr/Erth      ####......   45%         5    ##.....
 Metabolic Englaciation   Hex/Ice        ###.......   63%         5    ##.....
 Freezing Cloud           Conj/Ice/Air   #####.....   65%         6    ####...
 Hydra Form               Tmut           #####.....   65%         6    ####...
 Bolt of Cold             Conj/Ice       #####.....   75%         6    ####...
 Death Channel            Necr           ####......   86%         6    ####...
 Simulacrum               Ice/Necr       ####......   95%         6    ####...
 Invisibility             Hex            ###.....     99%         6    ####...
 Ozocubu's Refrigeration  Ice            ###.......   99%         6    ####...
 Summon Hydra             Summ           #####.....   99%         7    ######.
 Ring of Flames           Chrm/Fire      ####......   100%        7    ######.


Dungeon Overview and Level Annotations

Branches:
Dungeon (15/15)            Temple (0/1) D:6            Lair (6/6) D:10
 Shoals (1/4) Lair:4        Snake (2/4) Lair:3        Slime (0/5) Lair:5
    Orc (2/2) D:9             Elf (0/3) Orc:2        Vaults (0/5) D:14
 Depths: D:15

Altars:
Ashenzari
Cheibriados
Elyvilon
Fedhas
Makhleb
Nemelex Xobeh
Okawaru
Trog
Vehumet
Wu Jian
Xom
Zin
The Shining One
Beogh

Shops:
D:4 ?   D:8 *   Orc:1 (   Orc:2 ([?:*   Snake:1 ?}(*

Annotations:
D:3 exclusion: 2 downstairs
D:4 Robin
D:5 exclusion: downstairs
D:9 exclusion: 2 downstairs
D:10 exclusion: downstairs
D:11 exclusion: 2 downstairs, Sonja
D:13 exclusion: downstairs
D:14 exclusion: centaur warrior
D:15 exclusion: 2 centaurs
Lair:5 exclusion: downstairs
Lair:6 exclusion: 4 oklob plants
Snake:1 exclusion: 3 downstairs
Orc:1 exclusion: downstairs


Innate Abilities, Weirdness & Mutations

You cannot wear armour.
You are incapable of wielding weapons or throwing items.
Your paws allow you to move quietly. (Stealth)
You have sharp claws.
You have razor-sharp teeth.
You have supernaturally acute eyesight. (SInv)
You are carnivorous and can eat meat at any time.
You cover ground quickly.
Your thick and shaggy fur keeps you warm. (AC +3, rC+)
You have a slow metabolism.
Your sharp claws are effective at attacking unaware monsters.
You are agile. (Dex +2)
Your flesh is cold resistant. (rC+)
You do not regenerate when monsters are visible.
You expend magic power (3 MP) to strengthen your wands.


Message History

Your toxic aura wanes.
The merfolk throws a silver boomerang.
The silver boomerang hits your manticore zombie.
The weapon returns to the merfolk!
Something touches your merfolk zombie! Something hits your merfolk zombie!
The merfolk throws a silver boomerang.
The silver boomerang closely misses you.
The weapon returns to the merfolk!
Casting: Olgreb's Toxic Radiance (safe; 1% risk of failure)
Confirm with . or Enter, or press ? or * to list all spells.
You begin to radiate toxic energy.
The merfolk looks even sicker.
The merfolk throws a silver boomerang.
The silver boomerang completely misses you.
The weapon returns to the merfolk!
The merfolk javelineer throws a silver javelin.
The silver javelin barely misses your sea snake zombie.
The silver javelin pierces through you!
* * * LOW HITPOINT WARNING * * *
The silver sears you!
You die...

≈≈........≈≈≈≈≈≈(m≈≈≈...≈≈≈≈≈
≈≈≈...≈≈.≈≈≈≈≈≈3Zm.m≈.#..≈≈≈
≈≈≈≈≈≈≈≈≈≈≈≈≈≈≈ZZZ≈≈.....≈≈≈≈
≈≈≈≈≈≈≈≈≈≈≈..≈≈≈≈.....≈≈≈≈≈≈≈
≈≈≈≈≈≈≈≈.≈≈..≈≈≈≈≈.....≈≈≈≈≈≈
≈≈≈..≈≈...≈..≈≈≈≈......≈≈≈≈≈≈
≈≈≈.........≈≈≈≈..#..≈≈≈≈≈≈≈≈
≈≈..≈....#...≈≈..###.≈≈≈≈≈≈≈≈
≈≈.≈≈...####.≈≈.@# #.≈≈≈≈≈≈≈≈
≈≈≈≈≈≈≈.# #..≈≈.# ..≈≈≈≈≈≈≈
≈≈.≈≈≈.## #.≈≈≈.....≈≈≈≈≈≈≈
.....≈.# #...≈≈≈≈.....≈≈≈≈≈
≈.##.≈.####..≈≈≈≈≈≈≈.)≈≈≈≈≈≈
≈≈...≈.......≈≈≈≈≈≈≈≈
≈≈≈≈≈≈≈≈....≈≈≈≈≈...≈≈
≈≈≈≈≈≈≈≈.....≈....#...≈
≈≈≈≈≈≈≈...#......


You could see a merfolk javelineer, a merfolk, a friendly smoke demon, a
friendly sea snake zombie, a friendly manticore zombie, a friendly merfolk
zombie and a friendly merfolk impaler zombie.

Vanquished Creatures
  A kraken (Shoals:1)
  Gastronok (D:11)
  A nagaraja (Snake:1)
  2 orc warlords
  A minotaur (Gauntlet)
  A dire elephant (shapeshifter) (D:15)
  Snorg (D:12)
  An ettin (Orc:1)
  A merfolk impaler (Shoals:1)
  Fannar (Lair:1)
  A great orb of eyes (Abyss:2)
  3 hydras
  8 vault guards (D:14)
  Harold (Orc:1)
  A naga warrior (Snake:2)
  A merfolk avatar (Shoals:1)
  A catoblepas (Lair:6)
  2 centaur warriors
  2 anacondas (Snake:1)
  7 two-headed ogres
  Erica (D:11)
  An ogre mage (D:13)
  A death knight (D:10)
  3 orc high priests
  7 death yaks (Lair:6)
  A queen ant (Gauntlet)
  A tengu warrior (D:13)
  2 shock serpents (Snake:1)
  Nergalle (D:12)
  A fire crab (Lair:5)
  2 sea snakes (Shoals:1)
  A fire crab (shapeshifter) (D:15)
  5 unseen horrors
  2 naga ritualists (Snake:1)
  A wizard (D:15)
  A wolf spider zombie (D:14)
  2 harpies (Shoals:1)
  4 orc knights
  8 orc sorcerers
  3 fauns (Shoals:1)
  4 mana vipers
  7 ugly things
  10 manticores
  6 cyclopes
  2 deep elf magi
  3 elephants (Lair:5)
  10 black mambas
  A water nymph (Shoals:1)
  A merfolk siren (Shoals:1)
  2 gargoyles
  Psyche (D:11)
  A kobold demonologist (D:11)
  3 centaur skeletons
  4 komodo dragons
  2 rime drakes
  16 spiny frogs
  A yaktaur (shapeshifter) (D:15)
  An efreet (D:15)
  An ancient zyme (Abyss:2)
  6 meliai
  A tengu conjurer (D:13)
  6 merfolk
  A hornet (shapeshifter) (D:13)
  7 trolls
  A polar bear (Lair:5)
  A hornet (D:13)
  12 blink frogs
  2 snapping turtles (Shoals:1)
  A raiju (Abyss:2)
  6 hippogriffs
  3 slime creatures (D:13)
  4 flying skulls (Abyss:2)
  7 dream sheep (Lair:4)
  2 water elementals (D:14)
  2 wraiths
  2 wyverns
  32 yaks
  A shadow (D:12)
  4 basilisks
  A redback simulacrum (D:14)
  3 hungry ghosts
  3 vampire mosquitoes
  5 wargs
  An acid dragon (D:15)
  5 nagas
  10 water moccasins
  2 small abominations (Abyss:2)
  3 soldier ants (Gauntlet)
  Purgy (D:6)
  10 porcupines
  3 black bears
  4 ice beasts
  38 orc warriors
  A sky beast (D:11)
  An eye of draining (D:14)
  2 phantoms
  20 ogres
  6 wolves (Lair:1)
  10 centaurs
  6 crocodiles
  2 big kobolds
  17 bullfrogs
  A wyvern zombie (D:15)
  4 scorpions
  5 killer bees
  6 electric eels
  19 wights
  A howler monkey (D:7)
  7 crimson imps
  A bullfrog zombie (D:13)
  10 hounds
  5 quasits
  6 centaur zombies
  A jelly (Lair:5)
  20 orc priests
  29 orc wizards
  A bullfrog skeleton (D:13)
  2 iguanas
  12 worker ants
  A hound skeleton (D:5)
  A howler monkey zombie (D:5)
  4 gnolls
  8 adders
  3 river rats (D:6)
  5 shadow imps
  3 oozes
  An adder skeleton (D:6)
  3 worms
  3 dart slugs
  6 leopard geckos
  108 orcs
  5 giant cockroaches
  25 goblins
  22 hobgoblins
  8 jackals
  20 kobolds
  4 quokkas
  2 ball pythons (D:6)
  5 bats
  11 rats
  2 tentacles (Shoals:1)
797 creatures vanquished.

Vanquished Creatures (collateral kills)
  A nagaraja (Snake:2)
  A hydra (Lair:4)
  An anaconda (Snake:1)
  2 catoblepae (Lair:6)
  4 death yaks (Lair:6)
  2 two-headed ogres (Orc:2)
  An ogre mage (Orc:2)
  An orc high priest (Bailey)
  Urug (D:10)
  A naga sharpshooter (Snake:1)
  A spatial maelstrom (Abyss:2)
  A naga ritualist (Snake:1)
  A phantasmal warrior (D:10)
  2 orc knights
  2 mana vipers (Snake:1)
  2 harpies (Shoals:1)
  An orc sorcerer (Orc:1)
  A merfolk siren (Shoals:1)
  3 elephants (Lair:5)
  A guardian serpent (shapeshifter) (D:12)
  An eye of devastation (Abyss:2)
  3 naga magi (Snake:1)
  7 black mambas (Snake:1)
  4 spiny frogs
  A gargoyle (D:12)
  An orange demon (Abyss:2)
  A hellion (Abyss:2)
  A freezing wraith (D:10)
  A merfolk (Shoals:1)
  A hellwing (Abyss:2)
  2 raiju (Abyss:2)
  4 hippogriffs
  A blink frog (Lair:4)
  4 wraiths
  4 yaks (Lair:6)
  A naga (Snake:1)
  3 water moccasins
  2 wargs
  6 orc warriors
  2 wights (D:11)
  4 jellies
  An iguana (D:11)
  2 oozes (Lair:5)
  3 orcs
  A fungus (Lair:5)
91 creatures vanquished.

Vanquished Creatures (others)
  A troll (Orc:1)
  A crimson imp (D:12)
  An orc priest (Orc:1)
  An orc (Orc:1)
  13 bushes (D:14)
  10 fungi
  15 plants
  A starspawn tentacle (Abyss:2)
  8 tentacles (Shoals:1)
  10 withered plants (Gauntlet)
61 creatures vanquished.

Grand Total: 949 creatures vanquished

Notes
Turn   | Place    | Note
-------+----------+-------------------------------------------
     0 | D:1      | BoringShafts the Felid Venom Mage began the quest for the
                  | Orb.
     0 | D:1      | Reached XP level 1. HP: 7/7 MP: 4/4
   232 | D:1      | Reached skill level 1 in Conjurations
   394 | D:1      | Reached XP level 2. HP: 9/11 MP: 6/6
   398 | D:1      | Learned a level 2 spell: Poisonous Vapours
  1441 | D:2      | Reached XP level 3. HP: 8/15 MP: 7/7
  1582 | D:2      | Found a sparkling altar of Nemelex Xobeh.
  2023 | D:2      | Learned a level 3 spell: Mephitic Cloud
  2311 | D:2      | Found a faded altar of an unknown god.
  2503 | D:2      | Reached skill level 1 in Air Magic
  2503 | D:2      | Reached XP level 4. HP: 18/18 MP: 0/8
  2557 | D:2      | Reached skill level 1 in Unarmed Combat
  2623 | D:2      | Found a burning altar of Makhleb.
  2629 | D:2      | Became a worshipper of Makhleb the Destroyer
  3026 | D:3      | Found a bloodstained altar of Trog.
  3047 | D:3      | Found a blossoming altar of Fedhas.
  3479 | D:3      | Reached XP level 5. HP: 2/21 MP: 6/9
  4104 | D:3      | Noticed an ogre
  4131 | D:3      | Killed an ogre
  4438 | D:3      | Reached * piety under Makhleb
  4715 | D:4      | Noticed an ogre
  4720 | D:4      | Reached skill level 2 in Unarmed Combat
  4737 | D:4      | Killed an ogre
  4737 | D:4      | Gained mutation: You are covered in thick fur. (AC +2)
                  | [Felid growth]
  4737 | D:4      | Reached XP level 6. HP: 20/25 MP: 0/11
  4765 | D:4      | Noticed Robin
  5152 | D:4      | Learned a level 4 spell: Olgreb's Toxic Radiance
  6021 | D:4      | Reached XP level 7. HP: 28/28 MP: 3/12
  6774 | D:4      | Found Hatoh's Magic Scroll Boutique.
  6777 | D:4      | Bought a scroll of magic mapping for 49 gold pieces
  6984 | D:5      | Entered Level 5 of the Dungeon
  7169 | D:5      | Reached skill level 5 in Stealth
  7372 | D:5      | Found a radiant altar of Vehumet.
  7580 | D:5      | Reached XP level 8. HP: 31/31 MP: 15/15
  7657 | D:5      | Reached skill level 1 in Fighting
  7836 | D:5      | Reached skill level 3 in Unarmed Combat
  7887 | D:5      | Found a burning altar of Makhleb.
  8219 | D:6      | Found a shattered altar of Ashenzari.
  8310 | D:6      | Reached ** piety under Makhleb
  8505 | D:6      | Found a glowing drain.
  8565 | Sewer    | Entered a sewer
  8773 | Sewer    | Noticed Purgy
  8834 | D:6      | Killed Purgy
  9006 | D:6      | Found a staircase to the Ecumenical Temple.
  9543 | D:6      | Found an iron altar of Okawaru.
 10090 | D:6      | Reached skill level 4 in Unarmed Combat
 10506 | D:7      | Found a sparkling altar of Nemelex Xobeh.
 10769 | D:7      | Reached skill level 5 in Unarmed Combat
 10827 | D:7      | Reached XP level 9. HP: 37/37 MP: 16/16
 11035 | D:7      | Found a snail-covered altar of Cheibriados.
 11037 | D:7      | Reached skill level 5 in Air Magic
 11094 | D:7      | Reached skill level 5 in Poison Magic
 11133 | D:7      | Reached *** piety under Makhleb
 11238 | D:7      | Found a glowing golden altar of the Shining One.
 11516 | D:8      | Found Duifirit's Assorted Antiques.
 11583 | D:8      | Bought a translucent bone amulet for 95 gold pieces
 11583 | D:8      | Identified the amulet of Vuken {Inacc Int+9 Dex+7 Stlth-}
                  | (You bought it in a shop on level 8 of the Dungeon)
 11808 | D:8      | Reached skill level 1 in Invocations
 12223 | D:8      | Reached skill level 5 in Dodging
 12335 | D:8      | Reached skill level 5 in Spellcasting
 12641 | D:8      | Found an ornate altar of the Wu Jian Council.
 12641 | D:8      | Found a shimmering altar of Xom.
 12888 | D:9      | Found a glowing silver altar of Zin.
 12995 | D:9      | Found a staircase to the Orcish Mines.
 13456 | D:9      | Reached XP level 10. HP: 42/42 MP: 19/19
 14164 | D:10     | Entered Level 10 of the Dungeon
 14391 | D:10     | Noticed Urug
 14668 | D:10     | Noticed a death knight
 14668 | D:10     | Noticed a phantasmal warrior
 14749 | D:10     | Reached skill level 5 in Conjurations
 14852 | D:10     | Reached skill level 5 in Fighting
 14852 | D:10     | Reached skill level 6 in Unarmed Combat
 14852 | D:10     | Reached XP level 11. HP: 48/48 MP: 22/22
 14885 | D:10     | Reached **** piety under Makhleb
 14915 | D:10     | Reached skill level 7 in Unarmed Combat
 15214 | D:10     | Found a staircase to the Lair.
 15440 | D:10     | Killed a death knight
 15449 | D:10     | Killed a phantasmal warrior
 15472 | D:10     | Killed Urug
 15965 | D:11     | Found a gate leading to a gauntlet.
 15978 | D:11     | Reached skill level 8 in Unarmed Combat
 16135 | Gauntlet | Entered a Gauntlet
 16135 | Gauntlet | Found a transporter.
 16135 | Gauntlet | Found a transporter.
 16135 | Gauntlet | Found a transporter.
 16147 | Gauntlet | Found a transporter.
 16150 | Gauntlet | Found a transporter.
 16161 | Gauntlet | Found a transporter.
 16161 | Gauntlet | Found a transporter.
 16162 | Gauntlet | Noticed a queen ant
 16177 | Gauntlet | Found a transporter.
 16187 | Gauntlet | Found a transporter.
 16189 | Gauntlet | Noticed a glowing orange brain
 16189 | Gauntlet | Noticed a white ugly thing
 16190 | Gauntlet | Noticed a glowing orange brain
 16204 | Gauntlet | Found a transporter.
 16207 | Gauntlet | Found a transporter.
 16208 | Gauntlet | Noticed a death ooze
 16217 | Gauntlet | Found a transporter.
 16260 | Gauntlet | Noticed a harpy
 16260 | Gauntlet | a spiny frog changed into a harpy
 16264 | Gauntlet | Found the +5 robe of Misfortune {*Contam Harm *Corrode
                  | *Drain *Slow EV+5}
 16346 | Gauntlet | Noticed a mana viper
 16346 | Gauntlet | a yaktaur changed into a mana viper
 16363 | Gauntlet | a mana viper changed into a raiju
 16432 | Gauntlet | Noticed a harpy
 16485 | Gauntlet | Killed a queen ant
 16876 | Gauntlet | Identified the cursed +1 plate armour of the Evening Star
                  | {rF+}
 16876 | Gauntlet | Noticed a minotaur
 16891 | Gauntlet | Hit by a javelin thrown by a minotaur
 16892 | Gauntlet | Reached XP level 10. HP: -15/46 MP: 10/30
 16895 | Gauntlet | Killed a minotaur
 16895 | Gauntlet | Reached skill level 9 in Unarmed Combat
 16895 | Gauntlet | Reached XP level 11. HP: 49/49 MP: 22/22
 17070 | D:11     | Noticed an unseen horror
 17169 | D:11     | Killed an unseen horror
 17661 | D:11     | Noticed a red ugly thing
 17689 | D:11     | Killed a red ugly thing
 17883 | D:11     | Noticed Psyche
 17898 | D:11     | Killed Psyche
 18300 | D:11     | Noticed Sonja
 18622 | D:11     | Noticed Erica
 18628 | D:11     | Killed Erica
 18628 | D:11     | Reached skill level 10 in Dodging
 19207 | D:11     | Reached skill level 10 in Unarmed Combat
 19275 | D:12     | Noticed Gastronok
 19284 | D:11     | Killed Gastronok
 19692 | D:12     | Noticed Snorg
 19958 | D:12     | Noticed a deep elf mage
 19961 | D:12     | Killed a deep elf mage
 19961 | D:12     | Reached skill level 5 in Invocations
 19989 | D:12     | Noticed Nergalle
 20002 | D:12     | Killed Nergalle
 20002 | D:12     | Reached skill level 11 in Unarmed Combat
 20276 | D:12     | Gained mutation: Your thick and shaggy fur keeps you warm.
                  | (AC +3, rC+) [Felid growth]
 20276 | D:12     | Reached XP level 12. HP: 54/54 MP: 14/23
 20629 | D:12     | Killed Snorg
 21042 | D:13     | Noticed a tengu warrior
 21061 | D:13     | Killed a tengu warrior
 21262 | D:13     | Noticed a centaur warrior
 21262 | D:13     | Noticed an ogre mage
 21262 | D:13     | Noticed a two-headed ogre
 21262 | D:13     | Noticed a two-headed ogre
 21262 | D:13     | Noticed a two-headed ogre
 21291 | D:12     | Killed a two-headed ogre
 21421 | D:13     | Killed a centaur warrior
 21567 | D:12     | Reached skill level 12 in Unarmed Combat
 21763 | D:13     | Found a radiant altar of Vehumet.
 21799 | D:13     | Killed a two-headed ogre
 21801 | D:13     | Killed an ogre mage
 23103 | D:13     | Noticed a fire dragon
 23235 | D:13     | Killed a two-headed ogre
 23401 | D:14     | HP: 2/55 [acid (9)]
 23401 | D:14     | Mangled by a bullfrog
 23402 | D:14     | Reached XP level 11. HP: -6/51 MP: 0/31
 23402 | D:14     | Noticed a two-headed ogre
 23405 | D:14     | Noticed a white ugly thing
 23406 | D:14     | Killed an unseen horror
 23408 | D:14     | Noticed a skeletal warrior
 23410 | D:14     | Killed an unseen horror
 23411 | D:14     | Noticed a skeletal warrior
 23421 | D:14     | Reached XP level 12. HP: 43/55 MP: 9/23
 23426 | D:14     | Reached ***** piety under Makhleb
 23426 | D:14     | Reached skill level 13 in Unarmed Combat
 23618 | D:13     | Killed a two-headed ogre
 25278 | D:14     | Noticed a centaur warrior
 25475 | D:14     | HP: 2/55 [centaur warrior (12)]
 25477 | D:14     | Killed a centaur warrior
 25477 | D:14     | Reached skill level 14 in Unarmed Combat
 25693 | D:14     | Noticed a centaur warrior
 27246 | D:14     | Found a gate to the Vaults.
 27246 | D:14     | Noticed a vault guard
 27246 | D:14     | Noticed a vault guard
 27246 | D:14     | Noticed a vault guard
 27247 | D:14     | Noticed a vault guard
 27247 | D:14     | Noticed a vault guard
 27247 | D:14     | Noticed a vault guard
 27247 | D:14     | Noticed a vault guard
 27247 | D:14     | Noticed a vault guard
 27277 | D:14     | Killed a vault guard
 27280 | D:14     | Killed a vault guard
 27280 | D:14     | Reached XP level 13. HP: 59/59 MP: 12/24
 27908 | D:15     | Entered Level 15 of the Dungeon
 28423 | D:15     | Noticed a dire elephant
 28423 | D:15     | a catoblepas changed into a dire elephant
 28483 | D:15     | Killed a dire elephant
 28649 | D:15     | Reached skill level 15 in Unarmed Combat
 28772 | D:15     | Cast into level 2 of the Abyss (a wizard)
 28798 | Abyss:2  | Noticed an Executioner
 29073 | Abyss:2  | Noticed a tentacled starspawn
 29263 | Abyss:2  | Noticed a green death
 29333 | Abyss:2  | Noticed a profane servitor
 29358 | Abyss:2  | Slain by a profane servitor
 29359 | Abyss:2  | Reached XP level 12. HP: -3/56 MP: 0/41
 29360 | Abyss:2  | Found a corrupted altar of Lugonu.
 29473 | Abyss:2  | Found a corrupted altar of Lugonu.
 29517 | D:15     | Escaped the Abyss
 29785 | D:15     | Noticed a centaur warrior
 29865 | D:15     | Noticed a two-headed ogre
 29878 | D:15     | Killed a two-headed ogre
 30240 | Lair:1   | Entered Level 1 of the Lair of Beasts
 30369 | Lair:1   | Identified a scroll of acquirement
 30369 | Lair:1   | Identified the Guide on Displaced Confrontation (You
                  | acquired it on level 1 of the Lair of Beasts)
 30378 | Lair:1   | Learned a level 4 spell: Iskenderun's Mystic Blast
 30581 | Lair:1   | Noticed Fannar
 30625 | Lair:1   | Killed Fannar
 30929 | Lair:1   | Reached XP level 13. HP: 60/60 MP: 24/24
 34052 | Lair:3   | Found a staircase to the Snake Pit.
 34445 | Lair:3   | Found a white marble altar of Elyvilon.
 35149 | Lair:4   | Learned a level 4 spell: Summon Lightning Spire
 35153 | Lair:4   | Learned a level 3 spell: Conjure Flame
 35941 | Lair:4   | Reached skill level 1 in Summonings
 36390 | Lair:4   | Reached skill level 1 in Fire Magic
 36527 | Lair:4   | Found a staircase to the Shoals.
 36990 | Lair:5   | Found a staircase to the Slime Pits.
 37307 | Lair:5   | Reached ****** piety under Makhleb
 37471 | Lair:5   | Learned a level 5 spell: Irradiate
 37596 | Lair:5   | Reached XP level 14. HP: 64/64 MP: 26/27
 37900 | Lair:6   | Entered Level 6 of the Lair of Beasts
 38380 | Lair:6   | Reached skill level 1 in Transmutations
 40768 | Lair:6   | Learned a level 1 spell: Apportation
 40770 | Lair:6   | Got a glittering ruby amulet
 40771 | Lair:6   | Identified the amulet of Waollaxu {Harm *Drain Dex+4} (You
                  | found it on level 6 of the Lair of Beasts)
 41034 | Lair:6   | Gained mutation: You are partially covered in rugged brown
                  | scales. (AC +1, +3% HP) [potion of mutation]
 41034 | Lair:6   | Lost mutation: You are partially covered in rugged brown
                  | scales. (AC +1, +3% HP) [potion of mutation]
 41034 | Lair:6   | Gained mutation: You are surrounded by a mild repulsion
                  | field. (EV +2) [potion of mutation]
 41035 | Lair:6   | Lost mutation: You are surrounded by a mild repulsion
                  | field. (EV +2) [potion of mutation]
 41035 | Lair:6   | Gained mutation: Your magical capacity is low. (-10% MP)
                  | [potion of mutation]
 41035 | Lair:6   | Gained mutation: You are partially covered in molten
                  | scales. (AC +2) [potion of mutation]
 41196 | Orc:1    | Entered Level 1 of the Orcish Mines
 41248 | Orc:1    | Noticed Harold
 41265 | Orc:1    | Reached skill level 10 in Fighting
 41268 | Orc:1    | Killed Harold
 41322 | Orc:1    | Found a flagged portal.
 41334 | Bailey   | Entered a bailey
 41385 | Bailey   | Learned a level 4 spell: Animate Dead
 41469 | Bailey   | Found an iron altar of Okawaru.
 41476 | Bailey   | Reached skill level 1 in Necromancy
 42181 | Bailey   | Lost mutation: You are partially covered in molten scales.
                  | (AC +2) [potion of mutation]
 42181 | Bailey   | Lost mutation: Your magical capacity is low. (-10% MP)
                  | [potion of mutation]
 42181 | Bailey   | Gained mutation: You expend magic power (3 MP) to
                  | strengthen your wands. [potion of mutation]
 42181 | Bailey   | Gained mutation: You are agile. (Dex +2) [potion of
                  | mutation]
 42181 | Bailey   | Gained mutation: Your flesh is cold resistant. (rC+)
                  | [potion of mutation]
 42503 | Orc:1    | Found a roughly hewn altar of Beogh.
 42668 | Orc:1    | You fall through a shaft!
 42668 | Orc:2    | Entered Level 2 of the Orcish Mines
 42671 | Orc:2    | Found a staircase to the Elven Halls.
 42673 | Orc:2    | Noticed an orc warlord
 42674 | Orc:2    | Noticed an orc warlord
 42675 | Orc:1    | Found Rodghop's Antique Weapon Shoppe.
 42692 | Orc:1    | Slain by an orc warrior
 42693 | Orc:1    | Reached XP level 13. HP: 0/61 MP: 31/36
 42741 | Orc:2    | Found Peovis's Book Boutique.
 43010 | D:9      | Killed an orc warlord
 43010 | D:9      | Reached skill level 10 in Spellcasting
 43320 | Orc:1    | Reached XP level 14. HP: 66/66 MP: 14/29
 43441 | Orc:1    | Learned a level 2 spell: Blink
 43649 | Orc:2    | Found Akho's Antique Weapon Shop.
 43724 | Orc:2    | Killed an orc warlord
 43922 | Orc:2    | Found Suinip's Antique Armour Shoppe.
 44194 | Orc:2    | Found Zentuit's Magic Scroll Emporium.
 44203 | Orc:2    | Bought a scroll of teleportation for 45 gold pieces
 44203 | Orc:2    | Bought a scroll of magic mapping for 52 gold pieces
 44249 | Orc:2    | Gained mutation: You do not regenerate when monsters are
                  | visible. [a neqoxec]
 44891 | Orc:2    | Found Cissaff's General Store.
 45156 | Orc:2    | Found a roughly hewn altar of Beogh.
 45399 | Lair:1   | Upgraded the game from 0.24-a0-317-g5cb8de4 to
                  | 0.24-a0-333-g864f2b5
 45441 | Snake:1  | Entered Level 1 of the Snake Pit
 46308 | Snake:1  | Found Nezaeb's Weapon Shoppe.
 46308 | Snake:1  | Found Qemoozue's Gadget Emporium.
 46309 | Snake:1  | Found Jyhof's Magic Scroll Emporium.
 46348 | Snake:1  | Bought a scroll of blinking for 75 gold pieces
 46348 | Snake:1  | Bought a scroll of blinking for 75 gold pieces
 46348 | Snake:1  | Found Hinaraoph's Assorted Antiques.
 47075 | Snake:1  | Noticed a nagaraja
 47089 | Snake:1  | Killed a nagaraja
 48196 | Snake:1  | Learned a level 1 spell: Summon Butterflies
 49008 | Snake:2  | Noticed a nagaraja
 49017 | Snake:2  | Killed a nagaraja
 49402 | Shoals:1 | Entered Level 1 of the Shoals
 50283 | Shoals:1 | Noticed a kraken
 50356 | Shoals:1 | Killed a kraken
 50816 | Shoals:1 | Reached XP level 15. HP: 60/70 MP: 19/32
 51106 | Shoals:1 | HP: 1/70 [merfolk javelineer/silver javelin (15)]
 51106 | Shoals:1 | Hit by a silver javelin thrown by a merfolk javelineer

Levels and vault maps discovered:
D:1:      lemuel_arrival_river_ford, layout_loops_ring
D:2:      layout_basic, marbit_many_paths, chequers_ecumenical_altar_lobes,
          makhleb_blood_cavern_becter
D:3:      minmay_skewed_foursquare, layout_basic, bloody_trog, fedhas_altar_2,
          first_ration
D:4:      layout_loops_ring, serial_shops, shop, chequers_serial_rivers_marsh,
          uniq_robin, uniq_crazy_yiuf_cottage
D:5:      layout_basic, nicolae_overflow_hidden_temple, kennysheep_mini_moat
D:6:      minmay_angry_zag, layout_gridville, lemuel_crystal_altar,
          okawaru_trees_2, minmay_temple_entry_glassed_door,
          portal_sewer_entry_e
D:7:      layout_rooms, tso_oasis_becter, slow_altar_1, basic_altar
D:8:      layout_gridville, gammafunk_temple_overflow_elements, serial_shops,
          shop
D:9:      layout_grid_maze, lemuel_crystal_altar, orc_david_3
D:10:     layout_basic, erik_lair_orcish_takeover, uniq_urug
D:11:     layout_long_grid, gauntlet_entry_generic, uniq_sonja, uniq_psyche,
          uniq_erica
D:12:     layout_rooms, uniq_nergalle, uniq_gastronok, uniq_snorg
D:13:     layout_irregular_city, basic_altar
D:14:     layout_cave_pools, erik_vaults_2, serial_park, serial_park_tiny_2,
          serial_park_paths [serial_park_minivault_5x5_4],
          serial_park_tiny_pond, chequers_avenue, chequers_big_river
D:15:     gammafunk_enter_depths_forms, layout_small_grid
Lair:1:   layout_cave_shapes, uniq_fannar
Lair:2:   layout_misc_corridors
Lair:3:   layout_loops_ring, guppyfry_snake_entry_island, basic_altar,
          infiniplex_staircase_pool_2
Lair:4:   layout_hall_layers, elwin_shoals_entry_rooms,
          nicolae_quartered_pool_super, grunt_megastairs_1
Lair:5:   layout_regular_city, nicolae_slime_entry_slimehenge,
          serial_bayou_pond_c, grunt_megastairs_2
Lair:6:   evilmike_catoblepas_cave, layout_cave_pods, grunt_forest_stairs_basic,
          chequers_serial_rivers_micro_c, serial_bayou_shore_b,
          minmay_lair_oklob_chamber
Shoals:1: layout_shoals
Snake:1:  layout_grid_shapes, grunt_ministairs_13, minmay_shoptagon
Snake:2:  layout_rooms, uniq_aizul
Orc:1:    layout_caves, enter_bailey_3, serial_shops, shop, mines1_david,
          uniq_harold
Orc:2:    grunt_orc_gardens, layout_diamond_mine, grunt_orc_garden,
          grunt_orc_garden, grunt_orc_garden, grunt_orc_garden, serial_shops,
          shop, basic_altar, lightli_orcish_oven

Skill      XL: |  1  2  3  4  5  6  7  8  9 10 11 12 13 14 15 |
---------------+----------------------------------------------+-----
Stealth        | 3 4 5 6 8 |  8.4
Conjurations   | 1 2 3 4 5 6 |  6.7
Poison Magic   | 3 4 6 7 |  7.0
Dodging        | 3 5 7 12 11 14 | 14.4
Air Magic      | 1 2 3 4 5 |  5.3
Unarmed Combat | 1 2 5 9 11 14 15 | 15.6
Spellcasting   | 3 4 5 6 7 10 12 | 12.3
Fighting       | 2 3 5 7 8 9 10 | 10.4
Invocations    | 2 4 5 6 |  6.7
Evocations     | 2 3 4 |  4.0
Summonings     | 2 3 |  3.9
Fire Magic     | 2 |  2.5
Transmutations | 3 4 |  4.0
Necromancy     | 2 |  2.4

Action                   |  1- 3 |  4- 6 |  7- 9 | 10-12 | 13-15 || total
-------------------------+-------+-------+-------+-------+-------++-------
Melee: Unarmed           |    70 |   140 |   283 |   612 |   672 ||  1777
       Bite              |     8 |    11 |    37 |    68 |    86 ||   210
       Punch             |       |     1 |     3 |    25 |    45 ||    74
 Cast: Sting             |     7 |     4 |       |     1 |     1 ||    13
       Poisonous Vapours |    15 |    51 |   155 |   322 |   296 ||   839
       Olgreb's Toxic Ra |       |       |    17 |   159 |   222 ||   398
       Mephitic Cloud    |       |       |       |     2 |     3 ||     5
       Iskenderun's Myst |       |       |       |       |   122 ||   122
       Summon Lightning  |       |       |       |       |   109 ||   109
       Irradiate         |       |       |       |       |     7 ||     7
       Conjure Flame     |       |       |       |       |    16 ||    16
       Apportation       |       |       |       |       |     8 ||     8
       Animate Dead      |       |       |       |       |    10 ||    10
       Summon Butterflie |       |       |       |       |     1 ||     1
Invok: Lesser Servant of |       |       |       |    14 |    13 ||    27
Evoke: Wand              |       |       |    14 |    21 |     9 ||    44
       Phantom mirror    |       |       |       |     1 |       ||     1
       Phial of floods   |       |       |       |       |     2 ||     2
       Lightning rod     |       |       |       |       |     1 ||     1
  Use: Scroll            |       |       |    13 |    14 |    16 ||    43
       Potion            |       |       |     1 |     6 |    20 ||    27
 Stab: Sleeping          |     8 |     4 |    10 |    15 |     6 ||    43
       Distracted        |     1 |       |       |     4 |    22 ||    27
       Paralysed         |       |       |     8 |       |       ||     8
       Petrified         |       |       |       |       |     1 ||     1
       Invisible         |       |       |       |       |     3 ||     3
  Eat: Chunk             |    11 |    10 |    23 |    59 |    78 ||   181
Armor: Skin              |     3 |     3 |    18 |    30 |     9 ||    63
Dodge: Dodged            |    53 |   114 |   247 |   767 |   839 ||  2020

Table legend:
 A = Non-vault XP
 B = Vault XP
 C = Vault XP percentage of total XP
 D = Non-vault monster count
 E = Vault monster count
 F = Vault count percentage of total count
                 A         B        C        D         E       F
            +---------+---------+-------+---------+---------+-------
      Total |  137145 |   46252 |  25.2 |     683 |     205 |  23.1
            +---------+---------+-------+---------+---------+-------
        D:1 |      32 |       0 |   0.0 |      19 |       0 |   0.0
        D:2 |      53 |      59 |  52.7 |      17 |       2 |  10.5
        D:3 |     166 |      25 |  13.1 |      21 |       6 |  22.2
        D:4 |     514 |      19 |   3.6 |      19 |      10 |  34.5
        D:5 |     700 |       0 |   0.0 |      22 |       0 |   0.0
        D:6 |     462 |     343 |  42.6 |      21 |      14 |  40.0
        D:7 |     988 |       5 |   0.5 |      24 |       1 |   4.0
        D:8 |    1354 |       0 |   0.0 |      30 |       0 |   0.0
        D:9 |    2681 |     353 |  11.6 |      15 |       7 |  31.8
       D:10 |    3360 |    1101 |  24.7 |      23 |      11 |  32.4
       D:11 |    3824 |    3395 |  47.0 |      42 |       3 |   6.7
       D:12 |    6308 |    1941 |  23.5 |      34 |       2 |   5.6
       D:13 |   11751 |       0 |   0.0 |      40 |       0 |   0.0
       D:14 |   15255 |    7906 |  34.1 |      45 |       8 |  15.1
       D:15 |    8573 |       0 |   0.0 |      20 |       0 |   0.0
     Lair:1 |    3574 |    1054 |  22.8 |      20 |       1 |   4.8
     Lair:2 |    5136 |       0 |   0.0 |      20 |       0 |   0.0
     Lair:3 |    1557 |     320 |  17.0 |       8 |       2 |  20.0
     Lair:4 |    7975 |    2217 |  21.8 |      27 |       8 |  22.9
     Lair:5 |    6687 |    1437 |  17.7 |      24 |      12 |  33.3
     Lair:6 |    9361 |    9727 |  51.0 |      27 |      25 |  48.1
   Shoals:1 |   12776 |       0 |   0.0 |      25 |       0 |   0.0
    Snake:1 |   14081 |     822 |   5.5 |      33 |       2 |   5.7
    Snake:2 |    2757 |       0 |   0.0 |       4 |       0 |   0.0
      Orc:1 |    8022 |    2933 |  26.8 |      52 |      11 |  17.5
      Orc:2 |    4764 |    6294 |  56.9 |      34 |      26 |  43.3
    Abyss:2 |    4434 |       0 |   0.0 |      17 |       0 |   0.0
      Sewer |       0 |       8 | 100.0 |       0 |       5 | 100.0
     Bailey |       0 |    2827 | 100.0 |       0 |      41 | 100.0
   Gauntlet |       0 |    3466 | 100.0 |       0 |       8 | 100.0
            +---------+---------+-------+---------+---------+-------
